 Dungeon Crawl Stone Soup version 0.29.1-13-g9f3cf754e1 (webtiles) character file.

Game seed: 7476634183938820472

42 Exodus22XD the Shield-Bearer (level 3, 33/33 HPs)
             Began as a Minotaur Fighter on Feb 3, 2023.
             Was a Follower of Yredelemnul.
             Quit the game on level 2 of the Dungeon.
             The game lasted 00:01:16 (1045 turns).

Exodus22XD the Shield-Bearer (Minotaur Fighter)     Turns: 1045, Time: 00:01:16

Health: 33/33      AC: 13    Str: 22    XL:     3   Next: 35%
Magic:  2/2        EV:  6    Int:  5    God:    Yredelemnul [*.....]
Gold:   119        SH:  4    Dex:  9    Spells: 2/2 levels left

rFire   . . .      SeeInvis .   a - +0 war axe
rCold   . . .      Faith    .   c - +0 buckler
rNeg    . . .      Spirit   .   e - +0 plate armour
rPois   .          Reflect  .   (helmet restricted)
rElec   .          Harm     .   (no cloak)
rCorr   .          Rampage  .   (no gloves)
Will    .....                   m - +0 pair of boots
Stlth   ..........              (no amulet)
HPRegen 0.11/turn               (no ring)
MPRegen 0.08/turn               (no ring)

@: no status effects
A: horns 2, retaliatory headbutt
a: Renounce Religion, Recall Undead Harvest


You were on level 2 of the Dungeon.
You worshipped Yredelemnul.
Yredelemnul was noncommittal.
You visited 1 branch of the dungeon, and saw 2 of its levels.

You collected 119 gold pieces.

Inventory:

Hand Weapons
 a - a +0 war axe (weapon)
 f - a +0 broad axe
Armour
 c - a +0 buckler (worn)
 e - a +0 plate armour (worn)
 m - a +0 pair of boots (worn)
Scrolls
 b - a scroll of summoning {unknown}
 h - a scroll of enchant armour {unknown}
 k - a scroll of amnesia {unknown}
 l - 2 scrolls of identify {unknown}
Potions
 d - a potion of might
 g - a potion of attraction {unknown}
 i - a potion of brilliance {unknown}
 j - a potion of heal wounds {unknown}


   Skills:
 + Level 4.0 Fighting
 + Level 3.2 Axes
 + Level 4.1 Armour
 + Level 4.1 Shields


You had 2 spell levels left.
You didn't know any spells.
Your spell library was empty.

Dungeon Overview and Level Annotations

Branches:
Dungeon (2/15)

Altars:
Yredelemnul

Shops:
D:1 =


Innate Abilities, Weirdness & Mutations

You have a pair of horns on your head.
You reflexively headbutt those who attack you in melee.


Message History

Found 4 poisoned darts.
No target in view!
Found a stone staircase leading down.
Key pressed, stopping explore.
No target in view!
No target in view!
Found a faded altar of an unknown god.
You see here a +0 hand axe.
Key pressed, stopping explore.
No target in view!
A dart slug comes into view.
An adder comes into view.
The adder hisses angrily.
There are monsters nearby!
You enter the shallow water.
Moving in this stuff is going to be slow.
You block the adder's attack.
You slash the adder!
You kill the adder!
The dart slug splashes around in the water.
The dart slug launches a dart at you.
The slug dart hits you but does no damage.
You slash the dart slug!
You kill the dart slug!
Your Fighting skill increases to level 4!
No target in view!
No target in view!
No target in view!
No target in view!
You enter the shallow water.
Moving in this stuff is going to be slow.
There is a faded altar of an unknown god here.
You cannot tell which god this altar belongs to.
Convert to them anyway?
Yredelemnul accepts your prayer! Yredelemnul welcomes you!
You can now reap souls.
You can now recall your undead harvest.
You enter the shallow water.
Moving in this stuff is going to be slow.
You see here a +0 hand axe.
Are you sure you want to abandon this character and quit the game? (Confirm with "yes".)

~~~~≈≈≈~~~# #.#.###.##.......# ##
≈≈~.~~≈~..# #.#.###.##.......# #
~≈~_~~≈≈~.# #.......##.##.##.# #
~≈~♣.~≈~..# ###.##........##.####
≈≈≈~~≈≈~~.#####.##...............
≈≈≈~≈≈≈~..##........##.#..##.####
†~≈~~≈≈~.~##.#...........#.#.#
~..~.≈.≈.~##.#.Z.............#
~~.~......).Z.ZZ@#.......#####
##..####.###.##..#........#
....Z.Z..# #.......###.##.#
###############..#####.##.##
#............#...#
#.##..########...# #.##..####
#...# #........#####..>#####
###..#..##.#..........>#


You could see 2 friendly bat zombies, a friendly adder zombie and a friendly
quokka zombie.

Vanquished Creatures
  An adder (D:2)
  A dart slug (D:2)
  2 ball pythons (D:1)
  2 endoplasms (D:1)
  2 giant cockroaches (D:1)
  4 goblins
  4 hobgoblins
  2 kobolds (D:1)
  2 quokkas (D:1)
  5 bats (D:1)
  A frilled lizard (D:2)
  3 rats (D:1)
29 creatures vanquished.

Vanquished Creatures (others)
  A plant (D:1)
1 creature vanquished.

Grand Total: 30 creatures vanquished

Notes
Turn   | Place    | Note
-------+----------+-------------------------------------------
     0 | D:1      | Exodus22XD the Minotaur Fighter began the quest for the
                  | Orb.
     0 | D:1      | Reached XP level 1. HP: 19/19 MP: 0/0
   292 | D:1      | Reached XP level 2. HP: 24/27 MP: 1/1
   447 | D:1      | Found Ytampim's Jewellery Shoppe.
   861 | D:2      | Reached XP level 3. HP: 33/33 MP: 2/2
  1004 | D:2      | Found a faded altar of an unknown god.
  1024 | D:2      | Prayed at the altar of an unknown god.
  1024 | D:2      | Became a worshipper of Yredelemnul the Dark
  1024 | D:2      | Reached * piety under Yredelemnul
  1045 | D:2      | Quit the game

Illustrated notes

Levels and vault maps discovered:
D:1:      eino_arrival_druids_welcome, layout_basic, serial_shops,
          shop_fountains, hangedman_decor_riveting, minmay_tree_intersection,
          minmay_ruptured
D:2:      layout_loops_cross, chequers_ecumenical_altar_island

Skill      XL: |  1  2  3 |
---------------+----------+-----
Shields        | 4 |  4.1
Axes           | 3 |  3.2
Armour         | 4 |  4.1
Fighting       | 4 |  4.0

Action                   || total
-------------------------++-------
Melee: War axe           ||    50
       Headbutt          ||     6
Armor: Plate armour      ||    39
       Scale mail        ||     1
Dodge: Dodged            ||    14
Block: Buckler           ||     9
